Map: Ruins of Endion

Players

Miszu - Winner!

  • Race: Terran Terran
  • League: Master

TTD

  • Race: Terran Terran
  • League: Master

VOD

Have the link to the VOD?

Description

Time

  • Played on: April 5, 2016, 4:37 p.m.
  • Length: 5:25
Show
View Real Time Build Order
Export as new Build Order

Miszu Terran - Winner!

Build Orders: 1/1/1, Liberator Opening 

Get SALT Encoding   

  12  0:00  SCV  
  13  0:12  SCV  
  14  0:18  Supply Depot  
  14  0:25  SCV  
  15  0:39  SCV  
  15  0:40  Barracks  
  16  0:45  Refinery  
  16  0:51  SCV  
  16  0:56  Refinery  
  17  1:03  SCV  
  18  1:17  SCV  
  19  1:29  Orbital Command  
  19  1:31  Marine  
  20  1:34  Factory  
  20  1:44  Supply Depot  
  20  1:49  Marine  
  21  1:56  SCV  
  22  2:06  Marine  
  22  2:08  SCV  
  24  2:14  Supply Depot  
  24  2:19  Starport  
  24  2:20  Hellion, SCV  
  27  2:24  Marine  
  28  2:32  SCV  
  29  2:41  Hellion  
  31  2:44  SCV  
  31  2:48  Marine  
  33  2:52  Supply Depot  
  33  2:56  SCV  
  34  2:58  Medivac  
  34  3:03  Hellion  
  38  3:08  SCV  
  38  3:27  Liberator  
  36  3:28  Marine  
  37  3:37  Hellion  
  39  3:42  SCV  
  39  3:46  Supply Depot, Marine  
  44  3:49  Command Center  
  44  3:54  SCV  
  45  4:06  SCV  
  46  4:22  SCV  
  41  4:27  Command Center  
  41  4:34  SCV  
  42  4:40  Factory Reactor  
  42  4:41  Starport Reactor  
  42  4:43  Barracks Reactor  
  42  4:45  Barracks  
  42  4:46  SCV  
  42  4:47  Barracks  
  43  4:58  SCV  
  44  5:10  SCV  
Show
View Real Time Build Order
Export as new Build Order

TTD Terran 

Build Orders:  

Get SALT Encoding   

  12  0:00  SCV  
  13  0:13  SCV  
  14  0:18  Supply Depot  
  14  0:25  SCV  
  15  0:39  SCV  
  15  0:41  Barracks  
  16  0:45  Refinery  
  16  0:51  SCV  
  17  1:01  Barracks  
  17  1:04  SCV  
  18  1:16  SCV  
  19  1:28  Orbital Command  
  19  1:29  Reaper  
  20  1:37  Supply Depot  
  20  1:50  Reaper  
  21  2:00  SCV  
  22  2:06  Reaper  
  22  2:12  SCV  
  23  2:19  Command Center  
  23  2:24  Refinery, SCV  
  23  2:25  Reaper  
  25  2:36  SCV  
  26  2:43  Reaper  
  27  2:48  SCV  
  27  2:49  Barracks  
  27  2:50  Supply Depot  
  28  3:01  SCV  
  29  3:08  Barracks Tech Lab  
  29  3:13  SCV  
  29  3:14  Supply Depot  
  29  3:15  Factory  
  29  3:19  Barracks Reactor  
  30  3:25  SCV  
  30  3:29  Marine  
  29  3:37  SCV, Combat Shields  
  29  3:38  Bunker  
  28  3:42  Orbital Command  
  28  3:45  Marine  
  29  3:48  Marine  
  30  3:56  Marine x2  
  30  4:03  Marine, Hellion  
  30  4:06  Marine  
  31  4:14  Marine, SCV  
  28  4:30  SCV  
  29  4:38  SCV  
  29  4:42  SCV  
  31  4:49  Factory Reactor  
  31  4:50  Starport, SCV  
  32  4:58  SCV  
  30  5:02  Marine x2  
Tags
 
Add a new tag
Caveats
  • Supply blocks, unpowered buildings, or Contaminate may cause inaccurate times.
  • Supply counts are checked every 10 seconds.